cohdb
Replays
Latest Replays
All Replays
Popular Replays
Top Player Replays
Match Explorer
How It Works
Community
CoH3 Stats
Reddit
Sign in to upload your games and track your stats! →
Sign in with Steam
Match 44550110
Unlisted
Match 44550110
Overview
Messages
Build Orders
End
Construct Barracks
Engineer Squad
Selects Advanced Infantry Battlegroup
1⁄4-ton 4x4 Truck
Riflemen Squad
Riflemen Squad
M1 Mortar Team
Selects Convert to Ranger Squad
Selects Frontline Medical Station
Riflemen Squad
Frontline Medical Station
Infantry Support Center
Advanced Logistics
Construct Motor Pool
Convert to Ranger Squad
Selects Ranger Weapon Training
M24 Chaffee Light Tank
Convert to Ranger Squad
Convert to Ranger Squad
Selects Ammunition Storage
Selects M2A1 105mm Howitzer Emplacement
Riflemen Squad
Convert to Ranger Squad
Captain Retinue
Selects 155mm Rapid Artillery Barrage
Construct Weapon Support Center
Construct Tank Depot
Improved M9 Bazooka Rockets
155mm Rapid Artillery Barrage
KaPtaviy
GreyBeretta
بحر الحيتان
kondr
Cheapshot
狙鸡手牛爷爷
RhumsteaK
King Raptor
0
0
Comments
sign in to comment!
No comments posted yet!